 Dungeon Crawl Stone Soup version 0.30.0-15-g856e2d3f33 (webtiles) character file.

Game seed: 15724059543205155630

2114 rundlesten the Cleaver (level 9, -20/70 HPs)
             Began as a Minotaur Berserker on May 19, 2023.
             Was a Believer of Trog.
             Killed by an exploding jelly (37 damage)
             ... ignited by their inner flame
             ... on level 5 of the Dungeon.
             The game lasted 00:50:18 (6112 turns).

rundlesten the Cleaver (Minotaur Berserker)         Turns: 6112, Time: 00:50:24

Health: -20/70     AC:  2    Str: 24    XL:     9   Next: 8%
Magic:  8/8        EV: 11    Int:  4    God:    Trog [**....]
Gold:   282        SH:  5    Dex: 12    Spells: 8/8 levels left

rFire   . . .        x - +0 war axe
rCold   . . .        (no shield)
rNeg    . . .        j - +1 ring mail
rPois   .            (helmet restricted)
rElec   .            (no cloak)
rCorr   .            (no gloves)
SInv    +            (no boots)
Will    .....        w - amulet of reflection
Stlth   +            y - ring of see invisible
HPRegen 0.31/turn    (no ring)
MPRegen 0.11/turn

%: reflection
@: corroded, on berserk cooldown
A: horns 2, retaliatory headbutt
a: Renounce Religion, Berserk, Trog's Hand


You were on level 5 of the Dungeon.
You worshipped Trog.
Trog was pleased with you.
You visited 1 branch of the dungeon, and saw 6 of its levels.
You also visited: Sewer.

You collected 282 gold pieces.

Inventory:

Hand Weapons
 x - a +0 war axe (weapon)
 A - the +5 mace of Kewes {flame, rPois rN+ Int-3}
   (You found it on level 4 of the Dungeon)

   Int:       It affects your intelligence (-3).
   rPois:     It protects you from poison.
   rN:        It protects you from negative energy.
Missiles
 g - 6 javelins (quivered)
Armour
 j - a +1 ring mail (worn)
Jewellery
 w - an amulet of reflection (around neck)
 y - a ring of see invisible (left hand)
Scrolls
 b - 2 scrolls of enchant weapon
 e - 2 scrolls of teleportation
 k - a scroll of noise {unknown}
 n - a scroll of enchant armour
 p - a scroll of poison {unknown}
 q - a scroll of amnesia {unknown}
 B - a scroll of fear {unknown}
 C - a scroll of fog {unknown}
Potions
 a - a potion of degeneration {unknown}
 c - a potion of flight {unknown}
 d - 2 potions of mutation {unknown}
 h - 6 potions of curing
 i - 2 potions of invisibility
 l - 2 potions of brilliance
 m - 2 potions of berserk rage {unknown}
 o - a potion of attraction {unknown}
 r - 4 potions of heal wounds
 s - a potion of cancellation {unknown}
 t - a potion of magic {unknown}
 u - a potion of might {unknown}
 v - a potion of lignification {unknown}
 z - a potion of ambrosia {unknown}


   Skills:
 - Level 3.6 Fighting
 * Level 14.4 Axes
 - Level 2.4 Armour
 - Level 2.1 Dodging


You had 8 spell levels left.
You didn't know any spells.
Your spell library was empty.

Dungeon Overview and Level Annotations

Branches:
Dungeon (6/15)             Temple (0/1) D:4           Sewer (visited)

Altars:
Gozag


Innate Abilities, Weirdness & Mutations

You have a pair of horns on your head.
You reflexively headbutt those who attack you in melee.


Message History

You are splashed with acid!
The orc barely misses you. The jelly barely misses you.
The orc completely misses you. The orc attacks as you move away!
You block the orc's attack. The jelly attacks as you move away!
You block the jelly's attack.
You block the orc's attack. x2; The jelly hits you.
The acid corrodes you!
You are splashed with acid!
The orc hits you with a +0 dagger. The orc attacks as you move away!
The orc hits you with a +0 dagger.
* * * LOW HITPOINT WARNING * * *
The jelly barely misses you. You furiously retaliate!
You headbutt the jelly!
The orc priest miscasts a cantrip.
The orc hits you from afar with a +0 trident.
* * * LOW HITPOINT WARNING * * *
The orc barely misses you. You furiously retaliate!
You headbutt the orc!
You kill the orc!
Trog accepts your kill. You block the orc's attack. The jelly hits you.
* * * LOW HITPOINT WARNING * * *
You are splashed with acid!
* * * LOW HITPOINT WARNING * * *
The orc barely misses you.
There is a stone staircase leading up here.
You feel yourself speed up. The jelly barely misses you.
The orc barely misses you. The orc closely misses you.
You climb upwards.
There is a stone staircase leading down here.
As you read the scroll of immolation, it crumbles to dust.
The creatures around you are filled with an inner flame!
The orc barely misses you. The jelly closely misses you.
You feel much better. The orc barely misses you. The jelly hits you.
You are splashed with acid!
* * * LOW HITPOINT WARNING * * *
You slash the jelly! Trog accepts your kill.
You hit the orc.
Flame seeps out of the orc.
The jelly explodes!
The fiery explosion engulfs you!!!
Ouch! That really hurt!
You die...

# #.####.# ####......#
..........# #.######..#
#.# #..# #### #.#
#..######## ########...
#.# #........o#
#........## #.#
#......##o# #.#####....
#.# ######.##@#
###.#####.### #.#
#.##§####............ #.#
#..§§§............#.# ..#
#######........#######.#
##########.## #........#
###...
.......##.#.####........#
#...#.
######.#.###............#
#.#...
#.##.#>####..<.....#
#.##.# #.###.# #........#
#.##.#


You could see an orc priest (inner flame) and an orc (inner flame).

Vanquished Creatures
  Pikel (D:6)
  Grinder (D:4)
  Menkaure (D:4)
  A black bear (D:5)
  2 centaurs (D:6)
  An ogre (D:5)
  5 kobold brigands (Sewer)
  An orc priest (D:6)
  4 hounds
  A jelly (D:5)
  3 sleepcaps (D:4)
  Jessica (D:2)
  3 iguanas
  4 orc wizards
  4 gnolls (D:4)
  4 adders
  4 river rats (Sewer)
  2 white imps (D:5)
  5 ufetubi
  A dart slug (D:3)
  9 orcs
  5 endoplasms
  12 giant cockroaches
  5 hobgoblins
  9 jackals
  3 quokkas
  10 ball pythons
  6 bats
  3 frilled lizards
  6 goblins
  7 kobolds
  5 rats
129 creatures vanquished.

Notes
Turn   | Place    | Note
-------+----------+-------------------------------------------
     0 | D:1      | rundlesten the Minotaur Berserker began the quest for the
                  | Orb.
     0 | D:1      | Reached XP level 1. HP: 19/19 MP: 0/0
    67 | D:1      | Reached skill level 4 in Axes
   357 | D:1      | Reached XP level 2. HP: 26/26 MP: 1/1
  1044 | D:1      | Reached skill level 5 in Axes
  1405 | D:1      | Reached XP level 3. HP: 31/31 MP: 2/2
  1426 | D:1      | Reached ** piety under Trog
  1528 | D:2      | Noticed Jessica
  1533 | D:2      | Killed Jessica
  1677 | D:2      | Found a faded altar of an unknown god.
  1788 | D:2      | Identified the +0 chain mail of Qaetzoopn {rPois rC- rN+++
                  | Str-5}
  1993 | D:2      | Reached XP level 4. HP: 39/39 MP: 3/3
  2087 | D:2      | Reached skill level 6 in Axes
  2443 | D:3      | Found a glowing drain.
  2478 | Sewer    | Entered a sewer
  2484 | Sewer    | Noticed a kobold brigand
  2499 | Sewer    | Killed a kobold brigand
  2500 | Sewer    | Reached skill level 7 in Axes
  2500 | Sewer    | Reached XP level 5. HP: 20/45 MP: 4/4
  2716 | Sewer    | Reached skill level 8 in Axes
  2778 | Sewer    | HP: 2/67 [kobold brigand/+2 short sword of venom (6)]
  2780 | Sewer    | Reached XP level 6. HP: 2/51 MP: 5/5
  2783 | Sewer    | HP: 1/51 [poisoned by a kobold brigand]
  2993 | Sewer    | Reached skill level 9 in Axes
  3520 | D:3      | Identified the +2 quarterstaff of Bugg {venom, Str+3}
  3642 | D:3      | Reached XP level 7. HP: 53/57 MP: 6/6
  3687 | D:3      | Found an opulent altar of Gozag.
  4016 | D:4      | Identified the +6 whip of Ashenzari's Delight {venom, SInv}
  4027 | D:4      | Reached skill level 10 in Axes
  4094 | D:4      | Noticed Grinder
  4094 | D:4      | Paralysed by Grinder for 2 turns
  4100 | D:4      | Killed Grinder
  4161 | D:4      | Reached skill level 11 in Axes
  4198 | D:4      | Found a staircase to the Ecumenical Temple.
  4201 | D:4      | Noticed Menkaure
  4208 | D:4      | Killed Menkaure
  4715 | D:4      | Identified the +5 mace of Kewes {flame, rPois rN+ Int-3}
  4848 | D:4      | Reached XP level 8. HP: 48/64 MP: 7/7
  5040 | D:5      | Entered Level 5 of the Dungeon
  5121 | D:5      | Reached skill level 12 in Axes
  5981 | D:6      | Reached skill level 13 in Axes
  6080 | D:6      | Noticed Pikel
  6088 | D:6      | Killed Pikel
  6089 | D:6      | Reached skill level 14 in Axes
  6089 | D:6      | Reached XP level 9. HP: 64/70 MP: 8/8
  6112 | D:5      | Killed by an exploding jelly... ignited by their inner
                  | flame

Illustrated notes

Levels and vault maps discovered:
D:1:      heliophobic_arrival_enchanted_forest, layout_basic
D:2:      layout_loops_ring, shapermc_ecumenical_altar_gd, uniq_jessica
D:3:      layout_rooms, old_standard_altar, gup_sewer_entry_glass
D:4:      layout_loops_ring, minmay_temple_entry_junction, hellmonk_no_cap,
          uniq_menkaure, uniq_grinder
D:5:      layout_loops_ring, serial_demonic, serial_demonic_e, serial_demonic_e,
          serial_demonic_b, serial_demonic_f
D:6:      layout_cave_pools, enter_ossuary_3, gammafunk_ghost_necromancy,
          st_stairs_13, nicolae_shop_i_like_small_books_too,
          grunt_ministairs_10, minmay_a_box_with_orc_wizards_in_it, uniq_pikel

Skill      XL: |  1  2  3  4  5  6  7  8 |
---------------+-------------------------+-----
Axes           | 4 5 7 8 9 11 14 | 14.4
Fighting       | |  3.6
Armour         | |  2.4
Dodging        | |  2.1

Action                     |  1- 3 |  4- 6 |  7- 9 || total
---------------------------+-------+-------+-------++-------
  Melee: Hand axe          |    86 |   160 |       ||   246
         Headbutt          |    12 |    28 |    27 ||    67
         Punch             |     2 |       |     1 ||     3
         War axe           |       |     2 |   149 ||   151
 Invoke: Trog's Hand       |       |     3 |     7 ||    10
         Berserk           |       |     5 |     8 ||    13
    Use: Scroll            |     2 |     2 |     4 ||     8
         Potion            |       |     2 |     1 ||     3
 Armour: Animal skin       |     4 |       |       ||     4
         Ring mail         |    11 |    25 |    40 ||    76
  Dodge: Dodged            |    58 |    52 |    85 ||   195
  Block: Other             |       |       |     7 ||     7
